Map: Pilares de oro EE

Players

dango

  • Race: Protoss Protoss
  • League: Gold
  • Spawn Location: 1:00

MrFercho - Winner!

  • Race: Zerg Zerg
  • League: Silver
  • Spawn Location: 7:00

VOD

Have the link to the VOD?

Description

Time

  • Played on: July 5, 2020, 7:49 p.m.
  • Length: 15:06
Show
View Real Time Build Order
Export as new Build Order

dango Protoss 

Build Orders:  

Get SALT Encoding   

  12  0:02  Probe  
  13  0:18  Pylon  
  13  0:22  Probe  
  14  0:34  Probe  
  15  0:38  Gateway  
  15  0:46  Probe  
  15  0:49  Assimilator  
  16  0:58  Probe  
  17  1:16  Probe  
  18  1:28  Probe  
  18  1:32  Cybernetics Core  
  19  1:34  Pylon  
  19  1:40  Probe  
  19  1:43  Assimilator  
  19  1:45  Zealot  
  22  1:52  Probe  
  23  1:57  Pylon  
  23  2:04  Probe  
  24  2:18  Twilight Council  
  24  2:31  Warp Gate  
  24  2:34  Nexus  
  24  2:38  Stalker  
  26  2:55  Charge  
  26  3:03  Gateway  
  26  3:09  Zealot  
  28  3:44  Probe  
  28  3:45  Robotics Facility, Probe  
  30  3:52  Probe  
  30  3:53  Probe  
  30  4:01  Probe  
  30  4:02  Assimilator, Probe  
  34  4:13  Probe  
  34  4:14  Probe  
  36  4:20  Gateway  
  36  4:25  Probe  
  36  4:26  Gateway, Probe  
  38  4:33  Shield Battery  
  38  4:35  Blink  
  38  4:43  Stargate  
  38  4:44  Observer  
  39  4:51  Stalker  
  41  4:53  Probe x2  
  41  4:58  Assimilator  
  43  5:04  Stalker  
  43  5:05  Probe  
  46  5:10  Immortal  
  50  5:17  Pylon  
  50  5:21  Zealot  
  52  5:25  Probe  
  52  5:26  Probe  
  54  5:34  Pylon  
  54  5:36  Oracle  
  57  5:43  Probe  
  58  5:52  Pylon  
  58  6:13  Oracle  
  61  6:29  Stalker x2  
  61  6:30  Zealot x2  
  69  7:01  Stalker  
  69  7:02  Stalker  
  69  7:03  Zealot x2  
  75  7:31  Stalker  
  75  7:33  Immortal  
  77  7:50  Nexus  
  77  7:52  Assimilator, Pylon  
  77  7:54  Assimilator, Pylon  
  77  8:07  Pylon  
  77  8:09  Pylon  
  77  8:10  Phoenix  
  83  8:12  Immortal  
  83  8:13  Pylon  
  83  8:14  Pylon  
  83  8:19  Forge  
  83  8:21  Forge  
  83  8:35  Phoenix  
  85  8:57  Probe  
  85  8:58  Probe  
  87  9:07  Phoenix  
  87  9:09  Stalker, Probe  
  92  9:10  Stalker, Probe  
  92  9:15  Dark Shrine  
  95  9:18  Templar Archives  
  95  9:21  Probe  
  95  9:22  Probe  
  97  9:31  Protoss Ground Armor Level 1, Protoss Ground Weapons Level 1  
  97  9:32  Phoenix  
  97  9:33  Probe  
  97  9:34  Probe  
  101  9:45  Probe  
  101  9:46  Probe  
  101  9:48  Immortal  
  107  9:54  Robotics Bay  
  107  9:57  Probe  
  107  9:58  Probe x2  
  110  10:03  Gateway  
  110  10:05  Gateway  
  110  10:08  Gateway x2  
  110  10:09  Probe  
  110  10:10  Probe x2  
  113  10:21  Probe  
  114  10:22  Probe x2  
  114  10:23  Stalker  
  114  10:25  Stalker  
  120  10:31  Immortal  
  124  10:59  Stalker x2, Zealot  
  124  11:00  Zealot  
  82  11:30  Dark Templar  
  82  11:31  Dark Templar, High Templar  
  82  11:32  High Templar x3  
  92  11:33  High Templar x2  
  92  11:39  Archon  
  98  11:40  Archon x2  
  98  11:41  Archon  
  98  11:42  Psionic Storm  
  66  12:06  Zealot x2  
  66  12:07  Zealot  
  70  12:09  Dark Templar  
  66  12:18  Dark Templar  
  68  12:27  Dark Templar  
  68  12:29  Dark Templar  
  60  12:33  Dark Templar  
  50  12:56  Stalker  
  52  13:00  Pylon  
  39  13:20  Stalker  
  39  13:21  Dark Templar  
  39  13:22  Dark Templar x2  
  40  13:46  Nexus  
  40  13:49  Pylon  
  40  13:52  Assimilator  
  40  14:02  Probe x2  
  40  14:14  Probe x2  
  40  14:17  Observer  
  38  14:26  Probe x2  
  40  14:37  Probe  
  41  14:38  Probe  
  42  14:45  Probe  
  42  14:49  Pylon  
  42  14:50  Probe  
  42  14:52  Gateway  
  43  14:53  Probe  
Show
View Real Time Build Order
Export as new Build Order

MrFercho Zerg - Winner!

Build Orders: Hatch First 

Get SALT Encoding   

  12  0:01  Drone  
  13  0:16  Overlord  
  13  0:19  Drone  
  14  0:34  Drone x2  
  16  0:58  Hatchery, Drone  
  16  1:14  Spawning Pool  
  15  1:25  Drone x3  
  18  1:38  Drone  
  19  1:44  Extractor  
  18  1:51  Drone  
  19  1:58  Drone  
  19  2:01  Queen  
  22  2:11  Overlord  
  22  2:13  Queen  
  22  2:14  Drone  
  25  2:22  Drone x2  
  27  2:30  Drone  
  27  2:34  Drone  
  29  2:44  Drone x2  
  31  2:55  Lair  
  31  2:56  Drone x2  
  33  3:02  Drone  
  33  3:05  Drone  
  35  3:13  Drone  
  36  3:29  Overlord x2  
  36  3:37  Overlord x2  
  36  3:59  Roach Warren  
  35  4:06  Drone x3  
  35  4:07  Drone x3  
  35  4:09  Evolution Chamber  
  40  4:15  Extractor  
  40  4:16  Drone  
  40  4:18  Extractor, Drone x2  
  40  4:19  Drone x4  
  45  4:29  Spine Crawler  
  44  4:35  Zerg Missile Weapons Level 1  
  44  4:38  Glial Reconstitution  
  44  4:49  Drone  
  45  4:53  Roach  
  45  4:54  Roach x6  
  59  5:13  Overseer  
  59  5:19  Overlord x3  
  59  5:22  Overlord  
  59  5:23  Drone  
  60  5:38  Queen  
  62  5:43  Drone  
  63  5:53  Hatchery  
  62  6:16  Roach  
  62  6:17  Roach x12  
  88  6:33  Zerg Missile Weapons Level 2  
  88  7:03  Drone x3  
  88  7:04  Drone  
  88  7:07  Drone x6  
  98  7:45  Spore Crawler  
  97  7:54  Spore Crawler  
  97  7:57  Extractor  
  95  7:59  Overlord x5  
  95  8:00  Overlord, Hydralisk Den  
  94  8:06  Drone x3  
  97  8:15  Hatchery, Drone x2  
  98  8:20  Extractor, Hatchery  
  98  8:21  Extractor  
  95  8:35  Spore Crawler  
  93  8:53  Drone  
  93  8:54  Drone x8  
  102  9:11  Zerg Ground Armor Level 1  
  102  9:16  Overlord, Muscular Augments  
  102  9:17  Overlord x5, Infestation Pit  
  101  9:36  Drone  
  101  9:37  Drone x3  
  105  9:52  Drone x7  
  112  10:14  Drone x2, Spine Crawler  
  111  10:15  Drone  
  111  10:16  Spine Crawler  
  111  10:17  Spine Crawler  
  112  10:22  Hydralisk x3  
  112  10:23  Hydralisk x9  
  112  10:27  Grooved Spines  
  136  10:32  Hatchery  
  135  10:47  Hive  
  135  10:59  Evolution Chamber  
  135  11:01  Hydralisk x15  
  164  11:04  Queen  
  160  11:33  Hydralisk x6  
  160  11:34  Hydralisk x6  
  184  11:51  Drone x6  
  184  11:52  Drone x3  
  187  11:58  Hatchery  
  182  12:10  Extractor  
  182  12:11  Hydralisk x8  
  182  12:14  Extractor, Overlord x3  
  182  12:31  Hydralisk  
  182  12:32  Hydralisk x9  
  192  12:43  Zerg Ground Armor Level 2  
  170  13:01  Hydralisk x16  
  198  13:15  Overseer  
  198  13:17  Overseer  
  180  13:23  Pneumatized Carapace  
  180  13:25  Hydralisk x15  
  190  13:32  Overseer  
  164  13:40  Hydralisk x5  
  170  14:02  Hydralisk  
  170  14:03  Hydralisk x8  
  188  14:13  Spore Crawler  
  185  14:17  Spine Crawler  
  180  14:36  Hydralisk x10  
  200  14:56  Spore Crawler  
Tags
 
Matchup
PvZ
Replay Pack
MrFercho
Spawn Locations
Cross Positions
Add a new tag
Caveats
  • Supply blocks, unpowered buildings, or Contaminate may cause inaccurate times.
  • Supply counts are checked every 10 seconds.